 Dungeon Crawl Stone Soup version 0.18.1-48-g4cf74bf (webtiles) character file.

110 nikopol the Chopper (level 4, -6/41 HPs)
             Began as a Minotaur Berserker on Aug 12, 2016.
             Was a Priest of Trog.
             Mangled by a gnoll
             ... wielding a +0 halberd
              (10 damage)
             ... on level 2 of the Dungeon.
             The game lasted 00:02:46 (1175 turns).

nikopol the Chopper (Minotaur Berserker)            Turns: 1175, Time: 00:02:47

Health: -6/41      AC:  5    Str: 21    XL:     4   Next: 61%
Magic:  3/3        EV: 12    Int:  4    God:    Trog [***...]
Gold:   107        SH:  0    Dex: 11    Spells: 0 memorised, 3 levels left

rFire  . . .     SeeInvis .     a - +0 hand axe
rCold  . . .     Gourm    .     e - +0 ring mail
rNeg   . . .     Faith    .     (no shield)
rPois  .         Spirit   .     (helmet restricted)
rElec  .         Dismiss  .     (no cloak)
rCorr  .         Reflect  .     (no gloves)
SustAt .         Harm     .     (no boots)
MR     .....                    (no amulet)
Stlth  +.........               (no ring)
                                (no ring)

@: exhausted, slowed, very slow, not resistant to hostile enchantments, very
unstealthy
A: retaliatory headbutt, horns 2
a: Berserk, Trog's Hand, Burn Spellbooks, Renounce Religion


You were on level 2 of the Dungeon.
You worshipped Trog.
Trog was most pleased with you.
You were hungry.

You visited 1 branch of the dungeon, and saw 2 of its levels.

You collected 107 gold pieces.

Inventory:

Hand Weapons
 a - a +0 hand axe (weapon)
Armour
 b - a +0 animal skin
 e - a +0 ring mail (worn)
Scrolls
 d - 2 scrolls of identify {unknown}
 f - a scroll of enchant armour {unknown}
 g - a scroll of noise {unknown}
 k - a scroll of remove curse {unknown}
 l - a scroll of teleportation {unknown}
Potions
 i - a potion of degeneration {unknown}
Comestibles
 c - a bread ration
 h - a fruit
 j - 2 chunks of flesh


   Skills:
 + Level 4.4 Fighting
 + Level 4.4 Axes
 + Level 3.6 Armour
 + Level 3.3 Dodging


You had 3 spell levels left.
You didn't know any spells.

Dungeon Overview and Level Annotations

Branches:
Dungeon (2/15)

Altars:


Innate Abilities, Weirdness & Mutations

You reflexively headbutt those who attack you in melee.
You have a pair of horns on your head.


Message History

You barely miss Robin. You slash Robin!
Robin is severely wounded.
The gnoll hits you from afar with a halberd!
* * * LOW HITPOINT WARNING * * *
Robin misses you.
You slice Robin!!
You kill Robin!
Trog accepts your kill. The gnoll misses you.
You are no longer berserk.
You are exhausted.
You feel yourself slow down.
You are feeling hungry.
Things that are here:
a club x2; a goblin corpse You slash the gnoll!
The gnoll is heavily wounded.
The gnoll hits you with a halberd!
You die...

####'#(#.......##....
#...>...........+....
#......#....#..##..[.
#......#.#..#........
#########.#.####........
.... #......+........
..... #)######........
......###)# ####........
......g@))# #...........
.......)).......(.##....
.......######.######....
....... #. #.... .......
# #.... ....... #....
....... #.... ....$..
##### .


You could see a gnoll.

Vanquished Creatures
  Robin (D:2)
  3 gnolls (D:2)
  An adder (D:2)
  2 dart slugs (D:1)
  2 giant geckos (D:1)
  13 goblins
  11 hobgoblins
  5 kobolds
  A quokka (D:2)
  7 bats
  5 rats
51 creatures vanquished.

Notes
Turn   | Place    | Note
--------------------------------------------------------------
     0 | D:1      | nikopol the Minotaur Berserker began the quest for the Orb.
     0 | D:1      | Reached XP level 1. HP: 19/19 MP: 0/0
   290 | D:1      | Reached XP level 2. HP: 23/27 MP: 1/1
   341 | D:1      | Reached ** piety under Trog
   640 | D:1      | Reached XP level 3. HP: 33/33 MP: 2/2
   898 | D:2      | Found a faded altar to an unknown god.
  1158 | D:2      | Noticed Robin
  1159 | D:2      | Reached XP level 4. HP: 21/41 MP: 3/3
  1166 | D:2      | Reached *** piety under Trog
  1173 | D:2      | Killed Robin
  1175 | D:2      | Mangled by a gnoll

Skill      XL: |  1  2  3 |
---------------+----------+-----
Fighting       | 4 |  4.4
Armour         | 3 |  3.6
Dodging        | 3 |  3.3
Axes           | 4 |  4.4

Action                   |  1- 3 |  4- 6 || total
-------------------------+-------+-------++-------
Melee: Hand axe          |    65 |    13 ||    78
       Headbutt          |    12 |     3 ||    15
Invok: Berserk           |     1 |       ||     1
 Stab: Sleeping          |     1 |       ||     1
  Eat: Chunk             |     1 |       ||     1
Armor: Animal skin       |    14 |       ||    14
       Ring mail         |    12 |     4 ||    16
Dodge: Dodged            |    54 |     7 ||    61
